 Dungeon Sprint DCSS version 0.27-a0-203-gd48b2df3c9 (webtiles) character file.

Game seed: 7391937962104657822

18789 mhtbhm the Sensei (level 12, -26/105 HPs)
             Began as a Merfolk Transmuter on Jan 30, 2021.
             Was the Champion of Sif Muna.
             Killed from afar by an ogre mage (39 damage)
             ... with a bolt of magma
             ... while paralysed by an ogre mage
             ... in the Dungeon (Sprint IX: "|||||||||||||||||||||||||||||").
             The game lasted 00:06:31 (4377 turns).

mhtbhm the Sensei (Merfolk Transmuter)              Turns: 4377, Time: 00:06:31

Health: -26/105    AC:  7    Str: 14    XL:     12   Next: 62%
Magic:  24/27      EV:  1    Int: 12    God:    Sif Muna [******]
Gold:   1266       SH:  0    Dex: 22    Spells: 19/34 levels left

rFire    x . .     SeeInvis .     - Unarmed
rCold    + + +     Faith    .   (shield currently unavailable)
rNeg     . . .     Spirit   .   (armour currently unavailable)
rPois    +         Reflect  .   (helmet currently unavailable)
rElec    .         Harm     .   (cloak currently unavailable)
rCorr    .         Rampage  .   (gloves currently unavailable)
Will     .....     NoTele   +   (boots currently unavailable)
Stlth    ++++++....             (no amulet)
HPRegen  0.27/turn              m - +3 ring of dexterity
MPRegen  0.20/turn              n - +3 ring of dexterity

@: paralysed, ice-form
A: large, (change form in water), (swift swim), (stealthy swim)
a: End Transformation, Renounce Religion, Channel Magic, Forget Spell, Divine
Exegesis


You were in the Dungeon.
You worshipped Sif Muna.
Sif Muna was exalted by your worship.
You were a creature of crystalline ice.
You visited 1 branch You collected 1266 gold pieces.

Inventory:

Armour
 a - a +0 robe (melded)
 l - a +0 cloak (melded)
 u - a +0 pair of boots (melded)
 w - a +2 hat (melded)
Jewellery
 m - a +3 ring of dexterity (left front paw)
 n - a +3 ring of dexterity (right front paw)
Scrolls
 g - 3 scrolls of remove curse
 h - a scroll of blinking
 i - 2 scrolls of amnesia
 q - a scroll of fog
 r - a scroll of fear
 s - 4 scrolls of enchant weapon
 t - a scroll of identify
Potions
 b - a potion of heal wounds
 c - 6 potions of curing
 d - a potion of might
 e - 2 potions of haste
 f - 4 potions of magic
 o - a potion of brilliance
 v - a potion of experience {unknown}
Miscellaneous
 p - a phial of floods (inert)


   Skills:
 + Level 6.3 Fighting
 + Level 13.3 Dodging
 + Level 13.6 Stealth
 + Level 21.2 Unarmed Combat
 + Level 11.9 Spellcasting
 + Level 14.3 Transmutations
 + Level 4.4 Ice Magic
 + Level 4.3 Evocations


You had 19 spell levels left.
You knew the following spells:

 Your Spells              Type           Power        Failure   Level
a - Beastly Appendage     Tmut           82%          1%          1
b - Wereblood             Tmut           41%          1%          2
c - Spider Form           Tmut/Pois      12%          1%          3
d - Ice Form              Ice/Tmut       29%          1%          4
e - Blade Hands           Tmut           20%          1%          5

Your spell library contained the following spells:

 Spells                   Type           Power        Failure   Level
 Freeze                   Ice            68%          1%          1
 Sting                    Tmut/Pois      96%          1%          1
 Frozen Ramparts          Ice            34%          4%          3
 Ignite Poison            Fire/Tmut/Pois 18%          4%          3
 Ozocubu's Armour         Ice            17%          4%          3
 Hydra Form               Tmut           20%          4%          6
 Corona                   Hex            7%           10%         1
 Alistair's Intoxication  Tmut/Pois      16%          14%         5
 Irradiate                Conj/Tmut      12%          14%         5
 Yara's Violent Unravell  Hex/Tmut       12%          14%         5
 Call Imp                 Summ           7%           16%         2
 Slow                     Hex            7%           16%         2
 Dragon Form              Tmut           20%          22%         7
 Inner Flame              Hex/Fire       7%           30%         3
 Portal Projectile        Hex/Tloc       14%          30%         3
 Stone Arrow              Conj/Erth      14%          30%         3
 Tukima's Dance           Hex            7%           30%         3
 Hailstorm                Conj/Ice       12%          36%         4
 Summon Ice Beast         Ice/Summ       12%          36%         4
 Cause Fear               Hex            3%           69%         4
 Leda's Liquefaction      Hex/Erth       3%           69%         4
 Olgreb's Toxic Radiance  Pois           7%           69%         4
 Metabolic Englaciation   Hex/Ice        6%           73%         5
 Silence                  Hex/Air        3%           95%         5
 Summon Mana Viper        Hex/Summ       7%           95%         5
 Simulacrum               Ice/Necr       6%           99%         6
 Freezing Cloud           Conj/Ice/Air   5%           100%        6
 Ozocubu's Refrigeration  Ice            8%           100%        7
 Chain Lightning          Conj/Air       3%           100%        8
 Lehudib's Crystal Spear  Conj/Erth      3%           100%        8
 Fire Storm               Conj/Fire      3%           100%        9


Dungeon Overview and Level Annotations

Branches:
Dungeon (1/1)

Altars:
Cheibriados
Dithmenos
Elyvilon
Fedhas
Gozag
Hepliaklqana
Kikubaaqudgha
Makhleb
Nemelex Xobeh
Okawaru
Qazlal
Ru
Sif Muna
Trog
Uskayaw
Vehumet
Wu Jian
Xom
Yredelemnul
Zin
The Shining One
Beogh
Jiyva
Lugonu

Shops:
D **[?


Message History

Your +0 robe melds into your body.
The ogre mage shouts!
Things that are here:
a +0 mace; a +0 plate armour; a +0 whip
Items here: ( )))))) [[[.
The ogre mage hits you with a +0 halberd.
You punch the ogre mage! You freeze the ogre mage.
The ogre mage is moderately wounded.
You pummel the ogre mage!! You freeze the ogre mage.
The ogre mage is severely wounded.
The ogre mage gestures at you while chanting.
You suddenly lose the ability to move!
The ogre mage gestures at you while chanting.
The bolt of magma hits you!!! The lava burns you terribly!
The ogre mage gestures at you while chanting.
The bolt of magma hits you!!! The lava burns you terribly!
* * * LOW HITPOINT WARNING * * *
The ogre mage gestures at you while chanting.
The bolt of magma hits you!!! The lava burns you terribly!
You die...

▓.▓.▓.▓.▓.▓
▓.▓.▓!▓.▓)▓
▓'▓.▓.▓.▓.▓
▓_▓.▓.▓.▓)▓
▓_▓.▓.▓.▓)▓
▓_▓.▓.▓.▓)▓
▓_▓.▓.▓)▓)▓
▓_▓.▓'▓.▓)▓
▓_▓.▓.▓.▓Y▓
▓_▓.▓.▓.▓O▓
▓_▓.▓.▓.▓.▓
▓_▓.▓.▓.▓.▓
▓_▓.▓.▓[▓.▓
▓_▓.▓.▓.▓)▓
▓_▓.▓.▓.▓(▓
▓_▓.▓.▓.▓.▓
▓_▓.▓.▓.▓.▓


You could see an ogre mage.

Vanquished Creatures
  Gastronok (D)
  A stone giant (D)
  An ettin (D)
  A hydra (D)
  5 ogre magi (D)
  Erica (D)
  A centaur warrior (D)
  3 deep trolls (D)
  3 lindwurms (D)
  3 orc knights (D)
  An ugly thing (D)
  2 elephants (D)
  A cane toad (D)
  2 komodo dragons (D)
  2 trolls (D)
  2 tyrant leeches (D)
  A blink frog (D)
  A wyvern (D)
  3 yaks (D)
  A basilisk (D)
  6 water moccasins (D)
  A black bear (D)
  10 orc warriors (D)
  An ogre (D)
  A wolf (D)
  A centaur (D)
  A bullfrog (D)
  A scorpion (D)
  2 wights (D)
  2 orc priests (D)
  4 orc wizards (D)
  A gnoll (D)
  A white imp (D)
  An adder zombie (D)
  3 worms (D)
  2 leopard geckos (D)
  7 orcs (D)
  A giant cockroach (D)
  A hobgoblin (D)
  A frilled lizard (D)
  A leopard gecko zombie (D)
85 creatures vanquished.

Vanquished Creatures (others)
  An ogre (D)
1 creature vanquished.

Grand Total: 86 creatures vanquished

Notes
Turn   | Place    | Note
-------+----------+-------------------------------------------
     0 | D        | mhtbhm the Merfolk Transmuter began the quest for the Orb.
     0 | D        | Reached XP level 1. HP: 15/15 MP: 3/3
    13 | D        | Reached skill level 4 in Unarmed Combat
    21 | D        | Reached skill level 5 in Unarmed Combat
    21 | D        | Reached XP level 2. HP: 11/21 MP: 3/5
   254 | D        | Learned a level 2 spell: Wereblood
   257 | D        | Noticed a scorpion
   257 | D        | Noticed an ogre
   268 | D        | Reached XP level 3. HP: 4/26 MP: 4/7
   271 | D        | Killed a scorpion
   272 | D        | Reached skill level 7 in Unarmed Combat
   272 | D        | Reached XP level 4. HP: 32/32 MP: 4/9
   274 | D        | Killed an ogre
   275 | D        | Reached skill level 5 in Dodging
   275 | D        | Reached skill level 8 in Unarmed Combat
   275 | D        | Reached skill level 5 in Transmutations
   275 | D        | Reached XP level 5. HP: 38/38 MP: 4/11
   278 | D        | Reached skill level 9 in Unarmed Combat
   283 | D        | Found a roughly hewn altar of Beogh.
   283 | D        | Found a snail-covered altar of Cheibriados.
   283 | D        | Found a shadowy altar of Dithmenos.
   283 | D        | Found a white marble altar of Elyvilon.
   283 | D        | Found a blossoming altar of Fedhas.
   283 | D        | Found an opulent altar of Gozag.
   284 | D        | Found a hazy altar of Hepliaklqana.
   285 | D        | Found a viscous altar of Jiyva.
   286 | D        | Found an ancient bone altar of Kikubaaqudgha.
   287 | D        | Found a corrupted altar of Lugonu.
   288 | D        | Found a burning altar of Makhleb.
   289 | D        | Found a sparkling altar of Nemelex Xobeh.
   290 | D        | Found an iron altar of Okawaru.
   291 | D        | Found a stormy altar of Qazlal.
   292 | D        | Found a sacrificial altar of Ru.
   293 | D        | Found a shimmering blue altar of Sif Muna.
   294 | D        | Found a bloodstained altar of Trog.
   295 | D        | Found a hide-covered altar of Uskayaw.
   296 | D        | Found a radiant altar of Vehumet.
   297 | D        | Found an ornate altar of the Wu Jian Council.
   298 | D        | Found a shimmering altar of Xom.
   299 | D        | Found a basalt altar of Yredelemnul.
   300 | D        | Found a glowing silver altar of Zin.
   301 | D        | Became a worshipper of Sif Muna the Loreminder
   302 | D        | Found a glowing golden altar of the Shining One.
   362 | D        | Learned a level 3 spell: Spider Form
   367 | D        | Learned a level 4 spell: Ice Form
   502 | D        | Noticed a komodo dragon
   502 | D        | Noticed a centaur
   502 | D        | Noticed a yak
   512 | D        | Killed a komodo dragon
   513 | D        | Reached skill level 1 in Stealth
   513 | D        | Reached skill level 11 in Unarmed Combat
   513 | D        | Reached skill level 5 in Spellcasting
   513 | D        | Reached XP level 6. HP: 26/46 MP: 6/14
   513 | D        | Reached * piety under Sif Muna
   514 | D        | Reached XP level 7. HP: 18/51 MP: 6/15
   516 | D        | Killed a yak
   516 | D        | Reached ** piety under Sif Muna
   517 | D        | Reached skill level 12 in Unarmed Combat
   733 | D        | Learned a level 5 spell: Blade Hands
   737 | D        | Noticed a white ugly thing
   737 | D        | Noticed a centaur warrior
   737 | D        | Noticed a basilisk
   743 | D        | Killed a white ugly thing
   744 | D        | Reached skill level 13 in Unarmed Combat
   744 | D        | Reached skill level 1 in Evocations
   744 | D        | Reached XP level 8. HP: 59/59 MP: 11/18
   758 | D        | Killed a centaur warrior
   758 | D        | Reached *** piety under Sif Muna
   759 | D        | Reached skill level 14 in Unarmed Combat
   759 | D        | Reached skill level 10 in Transmutations
   759 | D        | Reached XP level 9. HP: 25/65 MP: 13/20
  1110 | D        | Noticed a komodo dragon
  1122 | D        | Killed a komodo dragon
  1123 | D        | Reached skill level 1 in Ice Magic
  1123 | D        | Noticed a cane toad
  1125 | D        | Reached **** piety under Sif Muna
  1138 | D        | Reached skill level 10 in Stealth
  1138 | D        | Reached skill level 15 in Unarmed Combat
  1141 | D        | Reached ***** piety under Sif Muna
  1148 | D        | Killed a cane toad
  1148 | D        | Received a gift from Sif Muna
  1149 | D        | Reached XP level 10. HP: 48/72 MP: 19/22
  1406 | D        | Noticed a four-headed hydra
  1412 | D        | Noticed an elephant
  1417 | D        | Noticed an elephant
  1419 | D        | Killed a four-headed hydra
  1420 | D        | Reached skill level 10 in Dodging
  1420 | D        | Reached skill level 16 in Unarmed Combat
  1686 | D        | Killed an elephant
  1696 | D        | Killed an elephant
  1696 | D        | Received a gift from Sif Muna
  1704 | D        | Noticed a lindwurm
  1704 | D        | Noticed a lindwurm
  1708 | D        | Noticed a lindwurm
  1713 | D        | Killed a lindwurm
  1714 | D        | Reached skill level 17 in Unarmed Combat
  1948 | D        | Killed a lindwurm
  1949 | D        | Reached skill level 5 in Fighting
  1962 | D        | Reached XP level 11. HP: 60/79 MP: 18/24
  1966 | D        | Killed a lindwurm
  1968 | D        | Identified Sif Muna's Tome of Attacks and Creation (Sif
                  | Muna gifted it to you in the Dungeon)
  1968 | D        | Received a gift from Sif Muna
  2183 | D        | Noticed Erica
  2190 | D        | Killed Erica
  2191 | D        | Reached skill level 18 in Unarmed Combat
  2212 | D        | Noticed Gastronok
  2231 | D        | Killed Gastronok
  2496 | D        | Noticed an orc knight
  2509 | D        | Identified Plog's Catalogue of Toxins and Enchantment (Sif
                  | Muna gifted it to you in the Dungeon)
  2509 | D        | Received a gift from Sif Muna
  2511 | D        | Killed an orc knight
  2512 | D        | Reached skill level 19 in Unarmed Combat
  2515 | D        | HP: 3/96 [orc warrior/+0 mace (2)]
  2841 | D        | Noticed a stone giant
  2841 | D        | Noticed an orc knight
  2841 | D        | Noticed an orc knight
  2847 | D        | HP: 1/96 [stone giant (14)]
  2848 | D        | Killed a stone giant
  3257 | D        | Killed an orc knight
  3257 | D        | Identified Urohel's Volume of Stones and Moulding (Sif Muna
                  | gifted it to you in the Dungeon)
  3257 | D        | Received a gift from Sif Muna
  3258 | D        | Reached skill level 10 in Spellcasting
  3303 | D        | Reached ****** piety under Sif Muna
  3580 | D        | Killed an orc knight
  3590 | D        | Received a gift from Sif Muna
  3741 | D        | Found Dumisih's Assorted Antiques.
  3741 | D        | Noticed an ogre mage
  3741 | D        | Noticed a deep troll
  3741 | D        | Noticed an ogre mage
  3741 | D        | Noticed a deep troll
  3745 | D        | Reached skill level 20 in Unarmed Combat
  3745 | D        | Reached XP level 12. HP: 88/88 MP: 19/26
  3745 | D        | Killed an ogre mage
  3745 | D        | Noticed an ogre mage
  3747 | D        | Found Marchyleo's General Store.
  3749 | D        | Noticed an ogre mage
  3752 | D        | Killed an ogre mage
  3758 | D        | Killed an ogre mage
  3758 | D        | Identified Sif Muna's Papyrus of Transmigration (Sif Muna
                  | gifted it to you in the Dungeon)
  3758 | D        | Received a gift from Sif Muna
  3760 | D        | Found Hueng's Armour Emporium.
  3760 | D        | Noticed an ogre mage
  3762 | D        | Killed an ogre mage
  3766 | D        | Found Afom's Magic Scroll Shoppe.
  3768 | D        | Noticed an ettin
  3771 | D        | Killed an ogre mage
  3772 | D        | Reached skill level 21 in Unarmed Combat
  3772 | D        | Noticed an ogre mage
  3775 | D        | HP: 1/88 [ettin/+0 dire flail (29)]
  4036 | D        | Killed an ettin
  4374 | D        | Paralysed by an ogre mage for 6 turns
  4377 | D        | Killed from afar by an ogre mage

Illustrated notes

Levels and vault maps discovered:
D:        linesprint [early_d, line_temple, items_1, d_10, items_2, lair_1,
          lair_end, items_3, orc_1, orc_end, items_4, d_15, swamp_1, shoals_1,
          snake_1, spider_1, d_20, vaults_1, items_5, swamp_end, shoals_end,
          snake_end, spider_end, vaults_end, d_27, items_6, zot_1, zot_end,
          crypt_end, forest_end, elf_end, slime_end, tomb_end, abyss_end,
          pan_hell_end]

Skill      XL: |  1  2  3  4  5  6  7  8  9 10 11 12 |
---------------+-------------------------------------+-----
Unarmed Combat | 5 7 8 11 13 14 15 17 20 21 | 21.2
Dodging        | 3 4 5 7 8 9 11 12 13 | 13.3
Transmutations | 3 4 5 7 9 10 11 13 14 | 14.3
Spellcasting   | 3 4 5 7 8 9 10 11 | 11.9
Fighting       | 2 3 4 5 6 |  6.3
Stealth        | 1 3 7 10 12 13 | 13.6
Evocations     | 1 2 3 4 |  4.3
Ice Magic      | 1 3 4 |  4.4

Action                   |  1- 3 |  4- 6 |  7- 9 | 10-12 || total
-------------------------+-------+-------+-------+-------++-------
Melee: Unarmed           |    36 |    14 |    56 |   154 ||   260
       Headbutt          |     5 |       |       |       ||     5
       Punch             |       |       |       |     7 ||     7
 Cast: Beastly Appendage |     2 |       |       |       ||     2
       Wereblood         |     1 |     1 |     2 |     5 ||     9
       Ice Form          |       |     1 |     2 |     6 ||     9
       Blade Hands       |       |       |       |     7 ||     7
Evoke: Wand              |       |     1 |     1 |     8 ||    10
       Phial of floods   |       |       |       |     2 ||     2
  Use: Potion            |     2 |     2 |     1 |     3 ||     8
       Scroll            |       |       |       |     2 ||     2
 Stab: Invisible         |       |       |     4 |       ||     4
       Petrified         |       |       |     6 |       ||     6
       Petrifying        |       |       |     1 |       ||     1
       Sleeping          |       |       |       |     2 ||     2
       Distracted        |       |       |       |     1 ||     1
Armor: Robe              |     3 |       |       |     1 ||     4
       Skin              |       |     1 |     3 |     4 ||     8
Dodge: Dodged            |    18 |     3 |    20 |    79 ||   120

Table legend: (Time is in decaauts)
 A = Elapsed time spent in this place.
 B = Non-inter-level travel time spent in this place.
 C = Inter-level travel time spent in this place.
 D = Time resting spent in this place.
 E = Time spent auto-exploring this place.
 F = Levels seen in this place.
 G = Mean time per level.
                   A        B        C        D        E       F      G
               +--------+--------+--------+--------+--------+-----+--------+
         Total |   4311 |   4311 |      0 |   2531 |    685 |   1 | 4311.0 |
       Dungeon |   4311 |   4311 |      0 |   2531 |    685 |   1 | 4311.0 |
               +--------+--------+--------+--------+--------+-----+--------+

Top non-repeatable levels by time:
       D: 4311 daAuts
